 Dungeon Crawl Stone Soup version 0.26-a0-1058-g8dc6ce00ff (webtiles) character file.

Game seed: 15499122470290639916

2349 KristoblXynda the Carver (level 9, -3/79 HPs)
             Began as a Green Draconian Gladiator on Dec 13, 2020.
             Was a Priest of Cheibriados.
             Slain by a swamp worm (20 damage)
             ... on level 7 of the Dungeon.
             The game lasted 00:09:20 (6983 turns).

KristoblXynda the Carver (DrGl)                     Turns: 6983, Time: 00:09:21

Health: -3/79      AC:  8    Str: 26    XL:     9   Next: 20%
Magic:  18/18      EV: 17    Int: 19    God:    Cheibriados [***...]
Gold:   488        SH:  0    Dex: 20    Spells: 8/8 levels left

rFire    . . .     SeeInvis .   a - +1 long sword
rCold    . . .     Faith    .   (no shield)
rNeg     . . .     Spirit   .   (armour unavailable)
rPois    +         Reflect  .   b - +1 hat
rElec    .         Harm     .   e - scarf {repulsion}
rCorr    .         Rampage  .   (no gloves)
Will     .....                  (no boots)
Stlth    ++........             u - amulet of the acrobat
HPRegen  0.23/turn              (no ring)
MPRegen  0.16/turn              m - ring of magical power

@: short of breath, repel missiles, very slow
A: breathe noxious fumes, unfitting armour, poison resistance, cold-blooded, AC
+7
a: Breathe Noxious Fumes, Bend Time, Temporal Distortion, Renounce Religion


You were on level 7 of the Dungeon.
You worshipped Cheibriados.
Cheibriados was most pleased with you.
You visited 2 branches of the dungeon, and saw 8 of its levels.

You collected 488 gold pieces.

Inventory:

Hand Weapons
 a - a +1 long sword (weapon)
Missiles
 c - 5 throwing nets (quivered)
Armour
 b - a +1 hat (worn)
 e - a scarf of repulsion (worn)
Jewellery
 f - an uncursed ring of fire
 m - a ring of magical power (right hand)
 u - an amulet of the acrobat (around neck)
Wands
 d - a wand of polymorph (11)
Scrolls
 h - 3 scrolls of teleportation
 j - 3 scrolls of fog
 p - a scroll of blinking {unknown}
 q - a scroll of random uselessness {unknown}
 s - a scroll of magic mapping {unknown}
 t - 2 scrolls of amnesia {unknown}
 w - 2 scrolls of enchant weapon
 y - a scroll of fear {unknown}
Potions
 g - 2 potions of haste
 i - 2 potions of lignification
 k - 4 potions of might
 l - 5 potions of curing
 n - 3 potions of heal wounds {unknown}
 o - a potion of invisibility
 r - a potion of cancellation {unknown}
 v - 3 potions of flight {unknown}
 z - a potion of magic {unknown}
 A - a potion of mutation {unknown}


   Skills:
 + Level 7.1 Fighting
 * Level 9.2 Long Blades
 - Level 2.0 Throwing
 + Level 6.2 Dodging


You had 8 spell levels left.
You didn't know any spells.
Your spell library was empty.

Dungeon Overview and Level Annotations

Branches:
Dungeon (7/15)             Temple (1/1) D:5

Altars:
Cheibriados
Dithmenos
Elyvilon
Fedhas
Gozag
Hepliaklqana
Kikubaaqudgha
Makhleb
Nemelex Xobeh
Okawaru
Qazlal
Ru
Sif Muna
Trog
Uskayaw
Vehumet
Wu Jian
Xom
Yredelemnul
Zin
The Shining One

Shops:
D:4 (


Innate Abilities, Weirdness & Mutations

You can breathe blasts of noxious fumes.
Your lurid green scales are hard. (AC +7)
You cannot fit into any form of body armour.
Your system is resistant to poisons. (rPois)
You are cold-blooded and may be slowed by cold attacks.


Message History

You slash the swamp worm!
The swamp worm is heavily wounded.
The swamp worm bites you!
You slash the swamp worm!
The swamp worm is almost dead.
The swamp worm bites you!!
* * * LOW HITPOINT WARNING * * *
Unknown command.
You strike the helpless swamp worm from behind!
You slash the swamp worm!
You kill the swamp worm!
Cheibriados appreciates the change of pace.
Cheibriados raises the support of your attributes as your movement slows.
The swamp worm fires a harpoon shot at you.
The harpoon shot hits you!
* * * LOW HITPOINT WARNING * * *
You are yanked forward by the harpoon shot.
Your life force feels restored.
You feel better. The swamp worm bites you!!
You die...

.........#..<#.####.##.##......#)
.........#####.#.......##......#.
.......................##......#.
...###.#.#####.#.#####.##......#.
#### #.#<......#.# #.##......#.
....##.##.#=# #.##......#.
##.≈≈≈≈≈##.#.# #.........#.
#≈≈≈≈≈≈≈#.#.# ####.....##.
≈≈≈≈###≈≈≈≈#@# ######### ≈≈##
###≈≈≈w# ≈ #≈≈≈.# ≈≈≈≈≈≈≈†#
≈≈≈#≈≈≈## $# #≈≈≈ ≈≈≈≈. ≈≈≈...
≈≈≈.#.#


You could see a swamp worm.

Vanquished Creatures
  Grinder (D:5)
  Sigmund (D:6)
  2 swamp worms (D:7)
  An orc warrior (D:7)
  2 phantoms
  An ogre (D:6)
  2 centaurs (D:5)
  A bullfrog (D:7)
  2 scorpions
  9 wights
  A bullfrog zombie (D:5)
  A quasit (D:5)
  3 orc priests
  5 orc wizards
  A centaur skeleton (D:6)
  Jessica (D:3)
  Natasha (thrice) (D:2)
  3 worker ants
  A worker ant zombie (D:6)
  4 gnolls (D:5)
  6 adders
  2 shadow imps
  An ooze (D:1)
  2 worms
  A dart slug (D:1)
  4 leopard geckos
  18 orcs
  2 ball pythons
  8 bats
  4 giant cockroaches
  6 goblins
  14 hobgoblins
  7 jackals
  9 kobolds
  3 quokkas
  A ball python skeleton (D:4)
  4 frilled lizards
  A leopard gecko skeleton (D:4)
  A quokka skeleton (D:5)
  10 rats
149 creatures vanquished.

Vanquished Creatures (others)
  4 plants (D:7)
4 creatures vanquished.

Grand Total: 153 creatures vanquished

Notes
Turn   | Place    | Note
-------+----------+-------------------------------------------
     0 | D:1      | KristoblXynda the Draconian Gladiator began the quest for
                  | the Orb.
     0 | D:1      | Reached XP level 1. HP: 17/17 MP: 1/1
   222 | D:1      | Reached XP level 2. HP: 25/25 MP: 2/2
   826 | D:2      | Reached XP level 3. HP: 30/30 MP: 3/3
   909 | D:2      | Noticed Natasha
   921 | D:2      | Killed Natasha
  1045 | D:2      | Noticed Natasha
  1053 | D:2      | Killed Natasha
  1054 | D:2      | Reached skill level 4 in Long Blades
  1054 | D:2      | Reached XP level 4. HP: 20/38 MP: 4/4
  1467 | D:2      | Found a shimmering altar of Xom.
  1521 | D:2      | Noticed Natasha
  1527 | D:2      | Killed Natasha
  1893 | D:2      | Reached XP level 5. HP: 45/45 MP: 5/5
  2490 | D:3      | Found a snail-covered altar of Cheibriados.
  2603 | D:3      | Became a worshipper of Cheibriados the Contemplative
  2755 | D:3      | Noticed Jessica
  2761 | D:3      | Killed Jessica
  2762 | D:3      | Reached skill level 5 in Long Blades
  3643 | D:3      | Reached * piety under Cheibriados
  3852 | D:4      | Found Revuism's Weapon Shop.
  3880 | D:4      | Reached XP level 6. HP: 52/52 MP: 6/6
  4053 | D:4      | Found a sacrificial altar of Ru.
  4529 | D:5      | Entered Level 5 of the Dungeon
  4544 | D:5      | Found a stormy altar of Qazlal.
  4544 | D:5      | Noticed an air elemental
  4577 | D:5      | Noticed Grinder
  4578 | D:5      | Found a staircase to the Ecumenical Temple.
  4593 | D:5      | Killed Grinder
  4594 | D:5      | Reached skill level 6 in Long Blades
  4594 | D:5      | Your scales start taking on a lurid green colour.
  4594 | D:5      | Reached XP level 7. HP: 33/60 MP: 7/7
  4594 | D:5      | Gained mutation: Your system is resistant to poisons.
                  | (rPois) [Green Draconian growth]
  4607 | Temple   | Entered the Ecumenical Temple
  4877 | D:5      | Noticed a fire elemental
  4878 | D:5      | Noticed a water elemental
  4933 | D:5      | Reached skill level 5 in Fighting
  4938 | D:5      | Reached ** piety under Cheibriados
  5276 | D:5      | Reached skill level 7 in Long Blades
  5293 | D:5      | Reached XP level 8. HP: 58/69 MP: 8/8
  5442 | D:5      | Reached skill level 5 in Dodging
  5785 | D:6      | Found an iron altar of Okawaru.
  5821 | D:6      | Found a blossoming altar of Fedhas.
  6019 | D:6      | Noticed Sigmund
  6042 | D:6      | Killed Sigmund
  6043 | D:6      | Reached skill level 8 in Long Blades
  6480 | D:6      | Found a shadowy altar of Dithmenos.
  6595 | D:7      | Reached *** piety under Cheibriados
  6784 | D:7      | Reached XP level 9. HP: 78/78 MP: 9/9
  6931 | D:7      | Reached skill level 9 in Long Blades
  6983 | D:7      | Slain by a swamp worm

Illustrated notes

Levels and vault maps discovered:
D:1:      mrwooster_arrival_statue_3, layout_basic, st_stairs_7, minivault_26,
          minivault_14, minmay_misc_feat_doors, nrook_mini_backslash,
          minmay_door_square
D:2:      minmay_kobold_bridge, layout_loops_ring, brannock_xom_greatest_gift,
          guppyfry_early_orc_mine, uniq_natasha
D:3:      layout_basic, old_standard_altar, uniq_jessica
D:4:      layout_gridville, nicolae_overflow_crystal_walls, serial_shops, shop
D:5:      layout_rooms, nicolae_qazlal_style_of_elements,
          minmay_temple_entry_trees, hex_tiny, serial_park_tiny_pond,
          chequers_serial_rivers_micro_e, uniq_grinder
D:6:      layout_basic, grunt_dithmenos_smoke, basic_altar, fedhas_altar_2,
          uniq_sigmund
D:7:      layout_basic, grunt_ministairs_12, worms_lemuel
Temple:   regret_index_temple_sphere_string

Skill      XL: |  1  2  3  4  5  6  7  8  9 |
---------------+----------------------------+-----
Throwing       | 2 |  2.0
Dodging        | 3 4 6 |  6.2
Fighting       | 3 4 5 6 7 |  7.1
Long Blades    | 4 5 6 7 8 9 |  9.2

Action                   |  1- 3 |  4- 6 |  7- 9 || total
-------------------------+-------+-------+-------++-------
Melee: Long sword        |    54 |   189 |   205 ||   448
       Tailslap          |     8 |    30 |    48 ||    86
 Abil: Breathe Noxious F |       |       |     8 ||     8
  Use: Scroll            |       |     5 |     5 ||    10
       Potion            |       |     1 |     1 ||     2
 Stab: Sleeping          |     1 |       |     1 ||     2
       Confused          |       |       |     7 ||     7
Armor: Skin              |    16 |    53 |    35 ||   104
Dodge: Dodged            |    38 |   192 |   180 ||   410
       Repelled          |       |       |     1 ||     1
       Rpst.: Long sword |    14 |    62 |    51 ||   127

Table legend: (Time is in decaauts)
 A = Elapsed time spent in this place.
 B = Non-inter-level travel time spent in this place.
 C = Inter-level travel time spent in this place.
 D = Time resting spent in this place.
 E = Time spent auto-exploring this place.
 F = Levels seen in this place.
 G = Mean time per level.
                   A        B        C        D        E       F      G
               +--------+--------+--------+--------+--------+-----+--------+
         Total |   8138 |   7955 |    183 |   1117 |   5363 |   8 | 1017.2 |
       Dungeon |   7812 |   7639 |    173 |   1117 |   5050 |   7 | 1116.0 |
        Temple |    325 |    315 |     10 |      0 |    313 |   1 |  325.0 |
               +--------+--------+--------+--------+--------+-----+--------+

Top non-repeatable levels by time:
     D:3: 1865 daAuts
     D:2: 1426 daAuts
     D:5: 1179 daAuts
     D:6: 1069 daAuts
     D:4: 1000 daAuts
     D:1: 750 daAuts
     D:7: 520 daAuts
  Temple: 325 daAuts
